Map: Acropolis LE

Players

Harstem - Winner!

  • Race: Protoss Protoss
  • League: Grandmaster
  • Spawn Location: 11:00

A.I. 1 (Very Easy)

  • Race: Protoss Protoss
  • Spawn Location: 5:00

VOD

Have the link to the VOD?

Description

Time

  • Played on: Sept. 22, 2019, 1:43 p.m.
  • Length: 6:20
Show
View Real Time Build Order
Export as new Build Order

Harstem Protoss - Winner!

Build Orders: 1 Gate Expand, Mass Adepts 

Get SALT Encoding   

  12  0:01  Probe  
  13  0:13  Probe  
  14  0:20  Pylon  
  14  0:25  Probe  
  15  0:38  Probe (Chrono Boost)  
  16  0:45  Gateway  
  16  0:47  Probe (Chrono Boost)  
  17  0:51  Assimilator  
  17  0:52  Probe (Chrono Boost)  
  18  1:04  Probe  
  19  1:16  Probe  
  20  1:25  Nexus  
  20  1:32  Cybernetics Core  
  20  1:36  Probe  
  21  1:42  Assimilator  
  21  1:48  Probe  
  21  1:51  Pylon  
  22  2:00  Probe  
  23  2:07  Adept (Chrono Boost)  
  23  2:12  Probe (Chrono Boost)  
  26  2:20  Twilight Council  
  27  2:23  Warp Gate, Probe (Chrono Boost)  
  27  2:27  Probe (Chrono Boost)  
  28  2:31  Stalker (Chrono Boost)  
  30  2:38  Probe x2  
  32  2:50  Probe x2  
  34  2:51  Robotics Facility  
  34  3:02  Probe  
  34  3:03  Probe  
  36  3:14  Probe  
  36  3:15  Gateway  
  36  3:16  Gateway, Probe  
  36  3:19  Resonating Glaives (Chrono Boost)  
  39  3:31  Gateway  
  39  3:32  Gateway  
  39  3:36  Warp Prism (Chrono Boost)  
  39  3:37  Probe  
  41  3:45  Pylon, Probe  
  42  3:49  Probe  
  42  3:51  Pylon  
  43  3:56  Assimilator  
  43  3:57  Probe  
  43  3:58  Assimilator  
  43  4:01  Probe  
  45  4:12  Adept x3  
  45  4:14  Pylon  
  53  4:25  Pylon  
  53  4:30  Adept x2  
  55  4:32  Adept x3  
  61  4:40  Dark Shrine  
  61  4:54  Adept x5  
  61  4:58  Pylon  
  71  5:03  Pylon  
  71  5:15  Adept x3  
  71  5:17  Adept x2  
  71  5:20  Probe  
  82  5:22  Probe  
  83  5:31  Pylon  
  83  5:32  Probe  
  85  5:45  Adept x4  
  85  5:46  Adept  
  94  6:02  Pylon  
  94  6:03  Dark Templar x3  
Show
View Real Time Build Order
Export as new Build Order

A.I. 1 (Very Easy) Protoss 

Build Orders:  

Get SALT Encoding   

  12  0:00  Probe  
  13  0:13  Probe  
  14  0:20  Pylon  
  14  0:37  Assimilator  
  14  0:43  Gateway  
  14  0:47  Pylon  
  14  1:14  Assimilator  
  14  1:22  Probe  
  14  1:23  Zealot  
  14  1:30  Probe  
  17  1:34  Cybernetics Core  
  18  1:40  Probe  
  19  1:52  Probe  
  20  2:00  Warp Gate  
  20  2:01  Probe  
  21  2:09  Probe  
  22  2:41  Stalker  
  24  4:27  Probe  
  23  4:53  Probe  
  24  5:05  Probe  
  24  5:31  Stalker  
  24  5:34  Pylon  
  20  5:44  Probe  
  13  5:55  Cybernetics Core  
  13  5:56  Probe  
  14  6:00  Zealot  
  16  6:08  Probe  
Tags
 
Composition
Mass Adepts
Matchup
PvP
Player
Harstem
Spawn Locations
Cross Positions
Add a new tag
Caveats
  • Supply blocks, unpowered buildings, or Contaminate may cause inaccurate times.
  • Supply counts are checked every 10 seconds.